 Dungeon Crawl Stone Soup version 0.26.1-11-gd32895ea62 (webtiles) character file.

Game seed: 6460055110435777843

17007 alphasmart the Grappler (level 12, -5/111 HPs)
             Began as a Troll Monk on May 7, 2021.
             Was the Champion of Okawaru.
             Slain by a merfolk impaler
             ... wielding a +0 trident
              (15 damage)
             ... on level 1 of the Shoals.
             The game lasted 00:58:15 (12130 turns).

alphasmart the Grappler (Troll Monk)               Turns: 12130, Time: 00:58:15

Health: -5/111     AC: 10    Str: 29    XL:     12   Next: 15%
Magic:  0/11       EV: 15    Int:  6    God:    Okawaru [******]
Gold:   1003       SH:  0    Dex: 15    Spells: 11/11 levels left

rFire    . . .     SeeInvis .     - Unarmed
rCold    . . .     Faith    .   (no shield)
rNeg     . . .     Spirit   +   F - +0 steam dragon scales
rPois    .         Reflect  .   C - +1 hat {Will+}
rElec    .         Harm     .   (no cloak)
rCorr    .         Rampage  .   (gloves unavailable)
Will     +....                  (boots unavailable)
Stlth    +++.......             A - amulet of guardian spirit
HPRegen  0.68/turn              r - +6 ring of strength
MPRegen  0.12/turn              v - ring of stealth

@: mesmerised
A: large, unfitting armour, claws 3, regeneration 1, shaggy fur 1, tough skin 3
a: Renounce Religion, Heroism, Finesse


You were on level 1 of the Shoals.
You worshipped Okawaru.
Okawaru was exalted by your worship.
You visited 4 branches of the dungeon, and saw 14 of its levels.

You collected 1003 gold pieces.

Inventory:

Hand Weapons
 L - a +0 hunting sling of freezing
 O - a +2 rapier of holy wrath
 S - a +2 vorpal fustibalus
Armour
 C - a +1 hat of willpower (worn)
 F - +0 steam dragon scales (worn)
Jewellery
 r - a +6 ring of strength (left claw)
 v - a ring of stealth (right claw)
 x - an uncursed ring of protection from fire
 A - an amulet of guardian spirit (around neck)
 D - a cursed ring of fire {unknown}
 H - an uncursed ring of see invisible
 I - an uncursed amulet of regeneration
 J - an uncursed amulet of faith
Wands
 a - a wand of iceblast (29) (quivered)
 E - a wand of digging (5)
 G - a wand of disintegration (16)
 N - a wand of enslavement (5)
 P - a wand of flame (13)
 Q - a wand of polymorph (6)
 R - a wand of acid (10)
Scrolls
 c - 2 scrolls of blinking {unknown}
 f - 6 scrolls of teleportation {unknown}
 g - 8 scrolls of amnesia
 h - 4 scrolls of immolation
 k - 2 scrolls of random uselessness {unknown}
 m - 11 scrolls of remove curse
 o - 2 scrolls of enchant armour {unknown}
 p - 2 scrolls of fear
 w - 3 scrolls of magic mapping {unknown}
 y - a scroll of summoning {unknown}
 B - 3 scrolls of enchant weapon
 K - a scroll of vulnerability {unknown}
 M - 8 scrolls of identify
Potions
 b - 5 potions of curing
 d - 2 potions of mutation {unknown}
 e - 2 potions of flight {unknown}
 i - 2 potions of attraction
 j - 4 potions of degeneration
 l - 3 potions of lignification {unknown}
 n - a potion of invisibility {unknown}
 q - 3 potions of haste {unknown}
 s - 2 potions of berserk rage {unknown}
 t - a potion of heal wounds {unknown}
 u - 2 potions of ambrosia {unknown}
 z - a potion of brilliance {unknown}


   Skills:
 + Level 5.3 Fighting
 + Level 9.2 Dodging
 + Level 3.7 Stealth
 + Level 14.7 Unarmed Combat
 + Level 0.5 Evocations


You had 11 spell levels left.
You didn't know any spells.
Your spell library contained the following spells:

 Spells                   Type           Power        Failure   Level
 Animate Skeleton         Necr           0%           45%         1
 Apportation              Tloc           0%           45%         1
 Beastly Appendage        Tmut           0%           45%         1
 Corona                   Hex            0%           45%         1
 Summon Small Mammal      Summ           0%           45%         1
 Wereblood                Tmut           0%           58%         2
 Spider Form              Tmut/Pois      0%           83%         3
 Ice Form                 Ice/Tmut       0%           99%         4
 Blade Hands              Tmut           0%           100%        5


Dungeon Overview and Level Annotations

Branches:
Dungeon (9/15)             Temple (1/1) D:5            Lair (3/6) D:9
 Shoals (1/4) Lair:3
  Snake: Lair:2-4    Spider: Lair:2-4       Orc: D:9-12

Altars:
Ashenzari
Cheibriados
Dithmenos
Elyvilon
Fedhas
Gozag
Hepliaklqana
Kikubaaqudgha
Makhleb
Nemelex Xobeh
Okawaru
Qazlal
Ru
Sif Muna
Trog
Uskayaw
Vehumet
Wu Jian
Xom
Yredelemnul
Zin
The Shining One

Shops:
D:5 =[:   D:6 ?   D:9 !


Innate Abilities, Weirdness & Mutations

You are too large for most types of armour.
You have claws for hands.
Your natural rate of healing is unusually fast.
You are covered in fur. (AC +1)
You have extremely tough skin. (AC +3)


Message History

The merfolk siren chants its luring song.
The manticore bites you!
* * * LOW HITPOINT WARNING * * *
The manticore misses you. x2
There is a staircase back to the Lair, spattered with blood here.
You cannot move away from the merfolk siren!
Attack: -) Claws
Press: ? - help, Dir - move target, f - merfolk
Aim: a merfolk, wielding a +0 trident
Okay, then.
Aiming: Enslavement
Press: ? - help, Shift-Dir - straight line, f - merfolk
Aim: a merfolk, wielding a +0 trident (chance to affect: 29%)
The merfolk easily resists.
The merfolk impaler misses you. The merfolk hits you with a +0 trident!
* * * LOW HITPOINT WARNING * * *
The snapping turtle bites you from afar!
* * * LOW HITPOINT WARNING * * *
The merfolk impaler hits you from afar with a +0 trident!
You die...

≈≈≈≈≈≈≈≈≈≈≈≈≈≈≈≈
≈≈≈≈≈≈≈≈≈≈≈≈≈≈≈≈
≈≈≈≈≈≈≈≈≈≈≈≈≈≈≈≈
≈≈≈≈≈≈≈≈≈≈≈≈≈≈≈≈
≈≈≈≈≈≈≈..≈.≈≈≈≈≈
≈≈≈≈≈≈≈≈≈..≈≈≈≈≈
≈≈≈≈≈≈≈m≈..≈≈≈≈≈
≈≈m≈≈≈≈@...≈≈≈≈≈
≈≈≈≈≈≈≈H....≈≈≈≈
≈≈≈≈≈.m.t#...≈≈≈
≈≈≈≈≈...t...≈≈≈≈
≈≈≈≈≈≈.≈..≈≈≈≈≈≈
≈≈≈≈≈≈..≈≈≈≈≈≈≈≈
≈≈≈≈≈≈≈..≈≈≈≈≈≈.
≈≈≈≈≈≈≈≈≈≈≈≈≈≈≈.


You could see a merfolk impaler, 2 snapping turtles, a merfolk, a manticore and
a merfolk siren (mesmerising).

Vanquished Creatures
  Erolcha (D:9)
  Sonja (Lair:2)
  The ghost of groll the Fighter, a novice MiBe of Trog (D:8)
  3 oklob plants (Lair:1)
  A merfolk siren (Lair:3)
  7 elephants
  4 cane toads
  4 komodo dragons
  A polar bear (Lair:3)
  Prince Ribbit (Lair:2)
  8 blink frogs
  9 yaks
  Eustachio (D:5)
  A steam dragon (D:7)
  The ghost of Gwenloh the Changer, an amateur MfTm (D:6)
  3 water moccasins
  2 ice beasts
  4 orc warriors
  2 phantoms
  A sky beast (D:7)
  A black bear (D:8)
  14 wolves
  A centaur (D:9)
  6 ogres
  Blork the orc (D:5)
  A big kobold (D:8)
  8 bullfrogs
  A gnoll sergeant (D:9)
  A water moccasin skeleton (D:8)
  3 killer bees (D:8)
  9 wights (D:7)
  2 jellies
  3 orc priests
  4 hounds
  A centaur skeleton (D:4)
  3 bullfrog skeletons
  2 iguanas
  9 orc wizards
  8 worker ants
  A killer bee zombie (D:6)
  A hound skeleton (D:8)
  13 gnolls
  A howler monkey skeleton (D:4)
  11 adders
  A shadow imp (D:9)
  A white imp (D:6)
  3 ufetubi
  2 oozes
  2 adder zombies
  An adder skeleton (D:7)
  2 worms
  A dart slug (D:1)
  4 leopard geckos
  29 orcs
  2 ball pythons
  5 giant cockroaches
  7 goblins
  7 hobgoblins
  11 jackals
  6 quokkas
  A ball python skeleton (D:4)
  7 bats
  4 frilled lizards
  2 jackal skeletons
  12 kobolds
  12 rats
  3 bushes (D:4)
286 creatures vanquished.

Vanquished Creatures (others)
  A human (D:4)
  8 fungi
  11 plants
20 creatures vanquished.

Grand Total: 306 creatures vanquished

Notes
Turn   | Place    | Note
-------+----------+-------------------------------------------
     0 | D:1      | alphasmart the Troll Monk began the quest for the Orb.
     0 | D:1      | Reached XP level 1. HP: 22/22 MP: 0/0
   100 | D:1      | Reached XP level 2. HP: 28/29 MP: 1/1
   437 | D:1      | Reached XP level 3. HP: 33/36 MP: 2/2
  1042 | D:2      | Found a sacrificial altar of Ru.
  1208 | D:3      | Reached XP level 4. HP: 44/44 MP: 3/3
  1265 | D:3      | Reached skill level 4 in Unarmed Combat
  1274 | D:3      | Found a sparkling altar of Nemelex Xobeh.
  1927 | D:3      | Reached XP level 5. HP: 50/50 MP: 4/4
  2231 | D:4      | Noticed an ogre
  2237 | D:4      | Killed an ogre
  2238 | D:4      | Reached skill level 5 in Unarmed Combat
  2305 | D:4      | Reached XP level 6. HP: 55/59 MP: 5/5
  2583 | D:4      | Found an ancient bone altar of Kikubaaqudgha.
  2584 | D:4      | Noticed a human
  2586 | D:4      | Killed a human
  2617 | D:4      | Reached skill level 6 in Unarmed Combat
  3196 | D:5      | Entered Level 5 of the Dungeon
  3200 | D:5      | Found Lylimih's Antique Armour Emporium.
  3213 | D:5      | Reached XP level 7. HP: 54/67 MP: 6/6
  3297 | D:5      | Found Ommerchay's Jewellery Boutique.
  3455 | D:5      | Noticed Eustachio
  3473 | D:5      | Killed Eustachio
  3474 | D:5      | Reached skill level 7 in Unarmed Combat
  3548 | D:5      | Found Erieph's Book Shop.
  3570 | D:5      | Noticed Blork the orc
  3579 | D:5      | Killed Blork the orc
  3871 | D:5      | Found a staircase to the Ecumenical Temple.
  3884 | Temple   | Entered the Ecumenical Temple
  4193 | Temple   | Became a worshipper of Warmaster Okawaru
  4193 | Temple   | Reached * piety under Okawaru
  4193 | Temple   | Reached ** piety under Okawaru
  4368 | D:6      | Reached XP level 8. HP: 71/75 MP: 7/7
  4473 | D:6      | Reached skill level 8 in Unarmed Combat
  4502 | D:6      | Found an ornate altar of the Wu Jian Council.
  4607 | D:6      | Found a transporter.
  4607 | D:6      | Noticed Gwenloh's ghost (amateur MfTm)
  4640 | D:6      | Found a transporter.
  4705 | D:6      | Killed Gwenloh's ghost
  4706 | D:6      | Reached skill level 5 in Dodging
  4758 | D:6      | Found Jugaycke's Magic Scroll Shoppe.
  4936 | D:6      | Reached *** piety under Okawaru
  4937 | D:6      | Reached skill level 9 in Unarmed Combat
  5100 | D:6      | Found a bloodstained altar of Trog.
  5102 | D:6      | Found a broken altar of Ashenzari.
  5338 | D:6      | Found an ancient bone altar of Kikubaaqudgha.
  5486 | D:7      | Reached XP level 9. HP: 56/83 MP: 6/8
  5673 | D:7      | Found a basalt altar of Yredelemnul.
  5747 | D:7      | Reached skill level 10 in Unarmed Combat
  5749 | D:7      | Reached **** piety under Okawaru
  6708 | D:8      | Found a runed translucent door.
  6708 | D:8      | Noticed groll's ghost (novice MiBe)
  6734 | D:8      | Killed groll's ghost
  6735 | D:8      | Reached skill level 11 in Unarmed Combat
  6836 | D:8      | Reached XP level 10. HP: 58/92 MP: 6/9
  7163 | D:8      | Found a glowing golden altar of the Shining One.
  7343 | D:9      | Found an ancient bone altar of Kikubaaqudgha.
  7412 | D:9      | Found the +10 tower shield of Ignorance {rN+ Int-4}
  7466 | D:9      | Found Ecomek's Distillery.
  7517 | D:9      | Noticed Erolcha
  7523 | D:9      | Killed Erolcha
  7523 | D:9      | Reached ***** piety under Okawaru
  7569 | D:9      | Found a staircase to the Lair.
  7771 | D:9      | Reached skill level 12 in Unarmed Combat
  8280 | Lair:1   | Entered Level 1 of the Lair of Beasts
  8379 | Lair:1   | Received a gift from Okawaru
  8579 | Lair:1   | Noticed a cane toad
  8587 | Lair:1   | Killed a cane toad
  8651 | Lair:1   | Noticed a cane toad
  8658 | Lair:1   | Killed a cane toad
  8694 | Lair:1   | Noticed an oklob plant
  8694 | Lair:1   | Noticed an oklob plant
  8889 | Lair:1   | Reached skill level 13 in Unarmed Combat
  9067 | Lair:1   | Reached XP level 11. HP: 94/101 MP: 10/10
  9454 | Lair:1   | Noticed an oklob plant
  9478 | Lair:1   | Killed an oklob plant
  9630 | Lair:1   | Killed an oklob plant
  9630 | Lair:1   | Received a gift from Okawaru
  9635 | Lair:1   | Killed an oklob plant
 10024 | Lair:2   | Reached skill level 14 in Unarmed Combat
 10065 | Lair:2   | Reached skill level 5 in Fighting
 10267 | Lair:2   | Noticed Sonja
 10279 | Lair:2   | Killed Sonja
 10279 | Lair:2   | Reached ****** piety under Okawaru
 10397 | Lair:2   | Noticed Prince Ribbit
 10428 | Lair:2   | Killed Prince Ribbit
 10952 | Lair:3   | Received a gift from Okawaru
 10957 | Lair:3   | Reached XP level 12. HP: 81/111 MP: 8/11
 11348 | Lair:3   | Found a staircase to the Shoals.
 12123 | Shoals:1 | Entered Level 1 of the Shoals
 12123 | Shoals:1 | Noticed a merfolk impaler
 12130 | Shoals:1 | Slain by a merfolk impaler

Illustrated notes

Levels and vault maps discovered:
D:1:      ebering_hopf_link, layout_loops_cross, st_stairs_3
D:2:      layout_rooms, nicolae_ru_path_of_blood
D:3:      layout_loops_corners, lemuel_coloured_pillars_altar
D:4:      layout_cave_pools, serial_forest, infiniplex_forest_3_way,
          infiniplex_forest_straight_1, infiniplex_forest_straight_2,
          infiniplex_forest_side_room, infiniplex_forest_3_way,
          kennysheep_path_1, tgw_kikubaaqudgha
D:5:      layout_basic, minmay_temple_entry_poolview, serial_shops, shop, shop,
          nicolae_shop_behind_doors, uniq_eustachio, uniq_blork_the_orc
D:6:      layout_basic, nicolae_overflow_hidden_temple, serial_shops, shop,
          gammafunk_ghost_arena
D:7:      layout_basic, yredelemnul_altar_generic
D:8:      layout_cave_pools, marbit_many_paths, hellmonk_ghost_happy_afterlife,
          nrook_uturn
D:9:      layout_roguey, lair_entry_dummy, serial_shops, shop,
          lemuel_tele_altar, uniq_erolcha
Temple:   regret_index_temple_generic_petals
Lair:1:   layout_loops_ring, minmay_lair_oklob_chamber
Lair:2:   layout_cave_shapes, uniq_prince_ribbit2, uniq_sonja
Lair:3:   layout_cave_pods, minmay_shoals_entry_lonely_mermaid,
          lemuel_fruit_fields
Shoals:1: layout_shoals

Skill      XL: |  1  2  3  4  5  6  7  8  9 10 11 |
---------------+----------------------------------+-----
Dodging        | 3 4 5 6 7 9 |  9.2
Unarmed Combat | 4 5 6 7 9 11 13 14 | 14.7
Fighting       | 3 4 5 |  5.3
Stealth        | 2 3 |  3.7
Evocations     | |  0.5

Action                   |  1- 3 |  4- 6 |  7- 9 | 10-12 || total
-------------------------+-------+-------+-------+-------++-------
Melee: Unarmed           |    93 |   247 |   284 |   366 ||   990
       Punch             |     2 |    10 |    16 |    23 ||    51
Evoke: Wand              |       |       |       |     5 ||     5
  Use: Scroll            |       |     5 |     2 |     5 ||    12
       Potion            |       |       |       |     3 ||     3
 Stab: Sleeping          |     1 |     2 |     6 |     7 ||    16
Armor: Robe              |    44 |    62 |    63 |       ||   169
       Steam dragon scal |       |       |    33 |    95 ||   128
Dodge: Dodged            |    63 |   101 |   181 |   273 ||   618
